 Dungeon Crawl Stone Soup version 0.20.0-10-g0535bb4 (webtiles) character file.

10722 Lochraine the Grappler (level 11, -2/103 HPs)
             Began as a Purple Draconian Transmuter on June 6, 2017.
             Was a Believer of Ashenzari.
             Succumbed to a water moccasin's poison
             ... on level 2 of the Lair of Beasts.
             The game lasted 00:43:37 (14872 turns).

Lochraine the Grappler (DrTm)                      Turns: 14872, Time: 00:43:38

Health: -2/103     AC:  8    Str: 11    XL:     11   Next: 39%
Magic:  6/17       EV: 15    Int: 18    God:    Ashenzari [**....]
Gold:   721        SH:  0    Dex: 12    Spells: 1/18 levels left

rFire    + + .     SeeInvis .     - Unarmed
rCold    . . .     Gourm    .   (no shield)
rNeg     . . .     Faith    .   (armour unavailable)
rPois    +         Spirit   .   (helmet restricted)
rElec    .         Reflect  .   (no cloak)
rCorr    .         Harm     .   g - +0 pair of gloves (curse)
MR       +....                  (no boots)
Stlth    +.........             (no amulet)
Regen    0.3/turn               x - ring of protection from fire (curse)
MPRegen  0.2/turn               u - +2 ring of intelligence

@: lethally poisoned (-2 -> -63)
A: breathe power, unfitting armour, fire resistance 1, poison resistance, robust
1, weak 1, cold-blooded, AC +7
a: Breathe Dispelling Energy, Curse Item, Scrying, Renounce Religion


You were on level 2 of the Lair of Beasts.
You worshipped Ashenzari.
Ashenzari was pleased with you.
You were not hungry.

You visited 2 branches of the dungeon, and saw 14 of its levels.

You collected 742 gold pieces.
You spent 21 gold pieces at shops.

Inventory:

Hand Weapons
 a - the +4 hunting sling of Defilement {flame, Stlth+}
   (You found it on level 8 of the Dungeon)

   It causes projectiles fired from it to burn those they strike, causing extra
   injury to most foes and up to half again as much damage against particularly
   susceptible opponents.
   It makes you more stealthy.
Missiles
 r - a throwing net {!f}
 y - 319 arrows
 z - 51 stones (quivered)
Armour
 g - a cursed +0 pair of gloves (worn)
   (You found it on level 7 of the Dungeon)
Jewellery
 k - an uncursed amulet of guardian spirit
   (You found it on level 2 of the Dungeon)
 u - a +2 ring of intelligence (right hand)
   (You found it on level 6 of the Dungeon)
 x - a cursed ring of protection from fire (left hand)
   (You took it off Dowan on level 5 of the Dungeon)
 A - an uncursed ring of ice
   (You took it off an orc priest on level 9 of the Dungeon)
Wands
 d - a wand of flame (26/48)
   (You found it on level 11 of the Dungeon)
 f - a wand of lightning (0/15)
   (You found it on level 9 of the Dungeon)
 j - a wand of enslavement (10/24)
   (You found it on level 4 of the Dungeon)
 t - a wand of flame (27/48)
   (You found it on level 4 of the Dungeon)
Scrolls
 e - 6 scrolls of identify {@r1}
 o - 9 scrolls of remove curse {@r2}
 p - a scroll of torment {unknown}
 C - 3 scrolls of magic mapping
Potions
 s - a potion of mutation {!q}
 w - a potion of agility {unknown}
 B - a potion of flight
Books
 b - a book of Changes
 D - a book of Maledictions
   (You found it on level 2 of the Lair of Beasts)
Miscellaneous
 v - a lightning rod (4/4) {!a}
   (You found it on level 1 of the Lair of Beasts)
Comestibles
 i - 4 fruits
 m - 3 meat rations
 q - 6 bread rations
 E - a chunk of flesh


   Skills:
 + Level 8.1 Fighting
 + Level 6.0 Dodging
 + Level 10.7 Unarmed Combat
 - Level 4.3 Spellcasting
 * Level 0.4 Hexes
 + Level 9.4 Transmutations
 - Level 5.3 Ice Magic
 - Level 2.0 Poison Magic


You had one spell level left.
You knew the following spells:

 Your Spells              Type           Power        Failure   Level  Hunger
a - Ensorcelled Hibernat  Hex/Ice        ##....       7%          2    ##.....
b - Sticks to Snakes      Tmut           #####...     1%          2    ##.....
c - Beastly Appendage     Tmut           #####.       1%          1    None
d - Blade Hands           Tmut           #####.....   9%          5    ######.
e - Ice Form              Ice/Tmut       ####....     7%          4    ####...
x - Spider Form           Tmut/Pois      ###.......   4%          3    ###....


Dungeon Overview and Level Annotations

Branches:
Dungeon (12/15)            Temple (0/1) D:7            Lair (2/6) D:11
    Orc (0/2) D:9
  Swamp: Lair:2-4    Shoals: Lair:2-4     Snake: Lair:2-4    Spider: Lair:2-4

Altars:
Ashenzari
Cheibriados
Makhleb
Vehumet
Xom

Shops:
D:6 *=:

Annotations:
D:3 4 exclusions, Ijyb
D:4 Lexie's ghost, amateur GrFi
D:6 1 transporter
D:7 1 runed door
D:8 3 runed doors
D:10 Harold; morbho's ghost, journeyman DEAE
Lair:1 exclusion: sensed monster (detected)


Innate Abilities, Weirdness & Mutations

You can breathe bolts of dispelling energy.
Your rich purple scales are hard. (AC +7)
You cannot fit into any form of body armour.
You are cold-blooded and may be slowed by cold attacks.
Your flesh is heat resistant. (rF+)
Your system is resistant to poisons. (rPois)
You are robust. (+10% HP)
You are weak. (Str -2)


Message History

The water moccasin completely misses you.
The blink frog blinks!
The blink frog misses you.
Your adder misses the blink frog.
Your adder bites the blink frog. x2
The water moccasin completely misses you.
You swap places.
The blink frog blinks! x2
Your magical contamination has completely faded away.
You bite the water moccasin! The water moccasin bites you!
* * * LOW HITPOINT WARNING * * *
You are poisoned.
The water moccasin poisons you! The hippogriff bites your adder.
The hippogriff pecks your adder.
The hippogriff closely misses your adder.
Your adder closely misses the blink frog.
The blink frog blinks!
You barely miss the water moccasin.
You feel sick. The water moccasin bites you!
* * * LOW HITPOINT WARNING * * *
You are lethally poisoned!
The water moccasin poisons you!
Your adder closely misses the hippogriff.
The hippogriff bites your adder.
Your adder dies!
The blink frog blinks! x2; The blink frog barely misses you.
Unknown command.
Your transformation has ended.
Your cursed +0 pair of gloves unmelds from your body.
* * * LOW HITPOINT WARNING * * *
You feel very sick. The water moccasin bites you.
* * * LOW HITPOINT WARNING * * *
You are more poisoned.
The water moccasin poisons you!
Your adder closely misses the blink frog.
The blink frog barely misses your adder.
The blink frog closely misses you. The water moccasin barely misses you.
It was a potion of cancellation.
You feel magically purged.
* * * LOW HITPOINT WARNING * * *
You feel very sick.
Your adder closely misses the blink frog.
The blink frog hits you!
* * * LOW HITPOINT WARNING * * *
The water moccasin bites you.
* * * LOW HITPOINT WARNING * * *
The blink frog blinks! x2
Okay, then.
Okay, then.
As you read the scroll labeled DELET WAJ HUFF, it crumbles to dust.
The scroll dissolves into smoke.
It was a scroll of fog.
You die...

#.........#. ###...8...+.
##..[...#. ##.......
###...## ##.## *## ###*
################P####P##
.....§§@SH..............
,
......§§F§..............
.....[§.§SF..>..........
,.......F................
...........F............
, ,
........................
.........(..............
,
,........................
*,
.#...###..#.#.P.###..##


You could see a hippogriff, 2 blink frogs, a water moccasin and a friendly
adder.

Vanquished Creatures
  An unseen horror (Lair:1)
  An ugly thing (D:11)
  A centaur zombie (D:11)
  A spiny frog (Lair:2)
  A komodo dragon (Lair:1)
  5 hippogriffs
  Sigmund (D:3)
  A wyvern (Lair:2)
  7 yaks
  A hungry ghost (D:11)
  2 wargs (D:9)
  5 water moccasins
  Duvessa (D:5)
  5 orc warriors
  A sky beast (D:9)
  3 phantoms
  A black bear (D:10)
  4 ogres
  8 centaurs
  4 wolves (Lair:1)
  A crocodile (Lair:1)
  A big kobold (D:11)
  8 bullfrogs
  A wyvern zombie (D:11)
  Dowan (D:5)
  5 killer bees (D:8)
  A howler monkey (D:5)
  7 crimson imps
  A quasit (D:11)
  A bullfrog zombie (D:5)
  3 hounds
  2 jellies
  9 orc wizards
  6 orc priests
  2 bullfrog skeletons
  An iguana (D:8)
  Terence (D:3)
  4 worker ants
  A hound zombie (D:9)
  A hound skeleton (D:11)
  3 worker ant zombies
  3 gnolls (D:9)
  10 adders
  2 shadow imps
  An ooze (D:2)
  An adder skeleton (D:9)
  2 dart slugs
  5 worms
  5 leopard geckos
  22 orcs
  8 bats
  2 giant cockroaches
  10 goblins
  7 hobgoblins
  7 jackals (D:3)
  13 kobolds
  8 quokkas
  A ball python (D:3)
  9 frilled lizards
  A quokka skeleton (D:8)
  6 rats
237 creatures vanquished.

Vanquished Creatures (collateral kills)
  A two-headed ogre (D:11)
  A hungry ghost (D:7)
  An orc warrior (D:11)
  A phantom (D:4)
  A crocodile (Lair:2)
  2 centaurs (D:11)
  An orc priest (D:11)
  An orc wizard (D:11)
  An adder (D:5)
  3 orcs (D:11)
  A rat (D:3)
14 creatures vanquished.

Vanquished Creatures (others)
  A two-headed ogre (D:11)
  A fungus (Lair:1)
2 creatures vanquished.

Grand Total: 253 creatures vanquished

Notes
Turn   | Place    | Note
-------+----------+-------------------------------------------
     0 | D:1      | Lochraine the Draconian Transmuter began the quest for the Orb.
     0 | D:1      | Reached XP level 1. HP: 16/16 MP: 3/3
   252 | D:1      | Reached XP level 2. HP: 12/23 MP: 3/5
  1172 | D:2      | Learned a level 2 spell: Sticks to Snakes
  1284 | D:2      | Reached XP level 3. HP: 29/29 MP: 6/6
  1429 | D:1      | Reached skill level 4 in Unarmed Combat
  2223 | D:3      | Reached XP level 4. HP: 26/36 MP: 5/7
  2443 | D:3      | Found a shattered altar of Ashenzari.
  2468 | D:3      | Became a worshipper of Ashenzari the Shackled
  2728 | D:3      | Learned a level 3 spell: Spider Form
  2914 | D:3      | Found a radiant altar of Vehumet.
  2915 | D:3      | Found a burning altar of Makhleb.
  2947 | D:3      | Reached XP level 5. HP: 36/42 MP: 6/8
  3040 | D:3      | Noticed Sigmund
  3189 | D:3      | Noticed Ijyb
  3387 | D:3      | Noticed Terence
  3545 | D:4      | Noticed a phantom
  3606 | D:4      | Noticed Lexie's ghost (amateur GrFi)
  3685 | D:3      | Killed Sigmund
  3685 | D:3      | Reached skill level 5 in Unarmed Combat
  3685 | D:3      | Reached skill level 1 in Poison Magic
  3685 | D:3      | Reached XP level 6. HP: 36/51 MP: 3/9
  3933 | D:3      | Killed Terence
  4555 | D:4      | Found a snail-covered altar of Cheibriados.
  4557 | D:4      | Found a shimmering altar of Xom.
  5192 | D:5      | Entered Level 5 of the Dungeon
  5197 | D:5      | Reached skill level 6 in Unarmed Combat
  5197 | D:5      | Your scales start taking on a rich purple colour.
  5197 | D:5      | Reached XP level 7. HP: 58/58 MP: 2/10
  5391 | D:5      | Noticed Duvessa
  5396 | D:5      | Noticed Dowan
  5413 | D:5      | Killed Duvessa
  5417 | D:5      | Killed Dowan
  5844 | D:5      | Reached * piety under Ashenzari
  6048 | D:5      | Reached XP level 8. HP: 53/67 MP: 8/11
  6088 | D:5      | Reached skill level 7 in Unarmed Combat
  6150 | D:5      | Reached skill level 5 in Fighting
  6653 | D:6      | Learned a level 4 spell: Ice Form
  6674 | D:6      | Found Plog's Book Shoppe.
  6677 | D:6      | Found a transporter.
  6814 | D:6      | Reached skill level 5 in Transmutations
  6814 | D:6      | Reached skill level 1 in Ice Magic
  7069 | D:6      | Found Saezou's Jewellery Shop.
  7177 | D:6      | Found Cef Kyn's Assorted Antiques.
  7185 | D:6      | Bought a scroll labeled ALONIHUVEU for 21 gold pieces
  7214 | D:6      | Reached skill level 8 in Unarmed Combat
  7387 | D:7      | Reached XP level 9. HP: 52/74 MP: 9/12
  7431 | D:7      | Found a staircase to the Ecumenical Temple.
  7991 | D:7      | Found a runed door.
  8362 | D:8      | Found a runed door.
  8514 | D:8      | Reached skill level 9 in Unarmed Combat
  8637 | D:8      | Got the hunting sling of Defilement {flame, Stlth+}
  8638 | D:8      | Identified the +4 hunting sling of Defilement {flame, Stlth+} (You found it on level 8 of the Dungeon)
  8694 | D:8      | Noticed a two-headed ogre
  8995 | D:8      | Found a runed door.
  9076 | D:8      | Found a runed door.
  9422 | D:9      | Reached skill level 5 in Ice Magic
  9756 | D:9      | Found a staircase to the Orcish Mines.
  9901 | D:9      | Reached XP level 10. HP: 72/83 MP: 16/16
  9949 | D:9      | Found a snail-covered altar of Cheibriados.
 10587 | D:10     | Entered Level 10 of the Dungeon
 10793 | D:10     | Noticed Harold
 10793 | D:10     | Noticed morbho's ghost (journeyman DEAE)
 11090 | D:11     | Found a shimmering altar of Xom.
 11090 | D:11     | Found a shimmering altar of Xom.
 11090 | D:11     | Found a shimmering altar of Xom.
 11091 | D:11     | Found a shimmering altar of Xom.
 11091 | D:11     | Found a shimmering altar of Xom.
 11091 | D:11     | Found a shimmering altar of Xom.
 11091 | D:11     | Found a shimmering altar of Xom.
 11156 | D:11     | Noticed a two-headed ogre
 11180 | D:11     | Killed a two-headed ogre
 11914 | D:11     | Noticed a brown ugly thing
 11925 | D:11     | Killed a brown ugly thing
 11925 | D:11     | Reached skill level 10 in Unarmed Combat
 11934 | D:11     | Reached skill level 5 in Dodging
 12195 | D:10     | Noticed a deep elf mage
 12506 | D:11     | Learned a level 5 spell: Blade Hands
 12570 | D:11     | Noticed a two-headed ogre
 12640 | D:11     | Gained mutation: Your system is resistant to poisons. (rPois) [potion of mutation]
 12640 | D:11     | Gained mutation: Your flesh is heat resistant. (rF+) [potion of mutation]
 12640 | D:11     | Gained mutation: You are weak. (Str -2) [potion of mutation]
 12640 | D:11     | Gained mutation: You are robust. (+10% HP) [potion of mutation]
 12767 | D:11     | Found a staircase to the Lair.
 13058 | Lair:1   | Entered Level 1 of the Lair of Beasts
 13067 | Lair:1   | Reached XP level 11. HP: 89/101 MP: 13/17
 14325 | Lair:1   | Killed an unseen horror
 14667 | Lair:2   | Reached ** piety under Ashenzari
 14720 | Lair:2   | Learned a level 2 spell: Ensorcelled Hibernation
 14871 | Lair:2   | HP: 3/103 [water moccasin (6)]
 14872 | Lair:2   | Succumbed to a water moccasin's poison

Skill      XL: |  1  2  3  4  5  6  7  8  9 10 11 |
---------------+----------------------------------+-----
Fighting       | 2 3 4 5 7 8 |  8.1
Unarmed Combat | 4 5 6 8 9 10 | 10.7
Transmutations | 3 4 5 6 8 9 |  9.4
Poison Magic   | 1 2 |  2.0
Dodging        | 2 3 4 5 6 |  6.0
Ice Magic      | 2 5 |  5.3
Spellcasting   | 4 |  4.3
Hexes          | |  0.4

Action                   |  1- 3 |  4- 6 |  7- 9 | 10-12 || total
-------------------------+-------+-------+-------+-------++-------
Melee: Unarmed           |   125 |   160 |   397 |   240 ||   922
       Kick              |    15 |     2 |       |       ||    17
       Tailslap          |     9 |    22 |    28 |    16 ||    75
       Headbutt          |     3 |    10 |     2 |     2 ||    17
       Punch             |     1 |       |    10 |     3 ||    14
 Fire: Hunting sling     |       |       |    12 |    99 ||   111
 Cast: Beastly Appendage |    26 |    14 |     1 |     2 ||    43
       Sticks to Snakes  |     3 |    14 |    12 |     6 ||    35
       Spider Form       |       |     4 |    16 |    10 ||    30
       Ice Form          |       |       |     2 |     2 ||     4
       Blade Hands       |       |       |       |     4 ||     4
       Ensorcelled Hiber |       |       |       |     4 ||     4
Invok: Curse Item        |       |       |     2 |       ||     2
 Abil: Breathe Dispellin |       |       |    20 |    10 ||    30
       End Transformatio |       |       |     1 |     1 ||     2
Evoke: Wand              |       |       |       |     6 ||     6
  Use: Scroll            |     1 |     1 |     8 |     4 ||    14
       Potion            |       |     2 |       |     9 ||    11
 Stab: Sleeping          |     1 |       |       |     1 ||     2
       Distracted        |       |       |     2 |       ||     2
  Eat: Chunk             |     5 |     9 |    17 |    12 ||    43
       Royal jelly       |       |     1 |     2 |     2 ||     5
       Fruit             |       |       |     1 |     3 ||     4
       Meat ration       |       |       |       |     1 ||     1
Armor: Skin              |    28 |    31 |    71 |    79 ||   209
Dodge: Dodged            |    70 |    85 |   243 |   265 ||   663
